AoeStats
← ojrguio

Arena

510610717Analyzed
1v1 RM · 12h ago on Oct 1, 2026· 38m 34s· 2 players
Game mode
Random Map
Map size
Tiny (2 player)
Population
200
Speed
Normal
Resources
Standard
Victory
Conquest
Starting age
Dark Age
Ending age
Imperial Age
RankedLock teamsTeams togetherTeam positionsShared explorationLock speedFull tech treeHidden civsTurbo modeCheats
Victory
Defeat
🇨🇴 Chinese · Colombia
850
+16
🇺🇸 Byzantines · United States
846
-16
Dave Davidson
5:42 Loom
11:38 Feudal Age
12:16 Horse Collar
12:46 Double-Bit Axe
15:18 Fletching
17:10 Padded Archer Armor
21:15 Castle Age
19:43 Gold Mining
20:11 Scale Mail Armor
21:12 Forging
24:16 Wheelbarrow
25:31 Crossbowman
26:43 Hand Cart
29:34 Gold Shaft Mining
29:04 Bodkin Arrow
33:02 Ballistics
37:55 Imperial Age
37:36 Leather Archer Armor
39:37 Chemistry
38:07 Arbalester
ojrguio
0:27 Loom
10:59 Feudal Age
14:40 Castle Age
13:00 Double-Bit Axe
17:56 Horse Collar
21:07 Heavy Plow
21:48 Fletching
23:22 Bow Saw
23:57 Wheelbarrow
24:29 Forging
24:25 Scale Barding Armor
26:30 Hand Cart
26:46 Caravan
27:48 Gold Mining
27:48 Stone Mining
27:46 Town Watch
29:02 Iron Casting
28:48 Chain Barding Armor
28:28 Padded Archer Armor
28:24 Bodkin Arrow
28:29 Scale Mail Armor
31:36 Imperial Age
29:32 Squires
29:17 Arson
30:37 Gold Shaft Mining
30:37 Stone Shaft Mining
30:52 Ballistics
32:24 Bracer
32:39 Leather Archer Armor
31:52 Heavy Scorpion
32:52 Elite Chu Ko Nu
33:53 Conscription
34:49 Chemistry
36:59 Two-Man Saw
36:52 Ring Archer Armor
37:24 Blast Furnace
36:15 Elite Fire Lancer
Connection lost

Rejoining the realm…

Still unreachable

The connection could not be restored.

Session expired

The server has moved on; the page needs a fresh start.